 Dungeon Crawl Stone Soup version 0.27-a0-1177-g245c70e1c0 (webtiles) character file.

Game seed: 8670636030391141700

515 freelancePsychic the Chopper (level 7, -5/57 HPs)
             Began as a Ghoul Delver on May 16, 2021.
             Was an Initiate of Makhleb.
             Slain by a water moccasin skeleton (6 damage)
             ... on level 6 of the Dungeon on May 17, 2021.
             The game lasted 00:14:00 (5503 turns).

freelancePsychic the Chopper (Ghoul Delver)         Turns: 5503, Time: 00:14:00

Health: -5/57      AC: 11    Str: 17 (18) XL:     7   Next: 20%
Magic:  7/7        EV:  6    Int:  3 (5)  God:    Makhleb [......]
Gold:   220        SH:  2    Dex:  8 (10) Spells: 6/6 levels left

rFire    + . .     SeeInvis .   n - +2 whip (vamp)
rCold    + + +     Faith    .   o - +0 buckler
rNeg     + + +     Spirit   .   w - +0 chain mail
rPois    ∞         Reflect  .   s - +1 helmet
rElec    .         Harm     .   b - scarf {rC+ rF+}
rCorr    .         Rampage  .   (no gloves)
Will     .....                  j - +0 pair of boots
Stlth    ..........             (no amulet)
HPRegen  0.00/turn              f - ring of protection from cold
MPRegen  0.10/turn              (no ring)

@: mighty
A: claws 1, cold resistance 1, negative energy resistance 3, inhibited
regeneration, torment resistance 2
a: Renounce Religion


You were on level 6 of the Dungeon.
You worshipped Makhleb.
Makhleb was noncommittal.
You visited 2 branches of the dungeon, and saw 8 of its levels.

You collected 220 gold pieces.

Inventory:

Hand Weapons
 i - a +0 hand axe
 n - a +2 vampiric whip (weapon)
Armour
 b - a scarf of resistance (worn)
 j - a +0 pair of boots (worn)
 o - a +0 buckler (worn)
 s - a +1 helmet (worn)
 w - a +0 chain mail (worn)
Jewellery
 f - a ring of protection from cold (left claw)
 h - an amulet of guardian spirit
Wands
 g - a wand of digging (1)
Scrolls
 c - 2 scrolls of fog
 d - 2 scrolls of magic mapping
 k - 3 scrolls of amnesia
 l - a scroll of teleportation {@r4}
 x - a scroll of enchant armour
Potions
 m - a potion of heal wounds {unknown}
 p - a potion of mutation {unknown}
 q - a potion of attraction {unknown}
 r - a potion of degeneration


   Skills:
 - Level 3.2 Fighting
 + Level 6.7 Axes
 - Level 1.7 Dodging
 - Level 5.4 Stealth
 + Level 2.0 Invocations


You had 6 spell levels left.
You didn't know any spells.
Your spell library was empty.

Dungeon Overview and Level Annotations

Branches:
Dungeon (7/15)             Temple (1/1) D:5

Altars:
Ashenzari
Dithmenos
Makhleb
Nemelex Xobeh
Trog
Xom

Annotations:
D:4 Blork the orc


Innate Abilities, Weirdness & Mutations

You thrive by killing the living.
You are immune to poison.
You have sharp fingernails.
Your flesh is cold resistant. (rC+)
You are immune to negative energy. (rN+++)
You do not regenerate when monsters are visible.
You are immune to unholy pain and torment.


Message History

Deactivating autopickup; reactivate with Ctrl-A.
A sky beast appears from thin air!
Reactivating autopickup.
The sky beast flickers out of sight!
Deactivating autopickup; reactivate with Ctrl-A.
A sky beast appears from thin air!
Reactivating autopickup.
As you read the scroll of fear, it crumbles to dust.
You assume a fearsome visage.
The sky beast looks frightened!
A water moccasin skeleton comes into view.
A centaur comes into view.
The centaur shouts!
The centaur wields a +0 shortbow.
The centaur shoots an arrow.
You block the arrow.
As you read the scroll of fear, it crumbles to dust.
You assume a fearsome visage.
The centaur looks frightened!
The water moccasin skeleton is unaffected.
It was a potion of degeneration.
There was something very wrong with that liquid.
You feel weakened.
You feel dopey.
You feel clumsy.
It was a potion of magic.
Magic courses through your body.
It was a potion of berserk rage.
You feel slightly irritated. The water moccasin skeleton bites you.
* * * LOW HITPOINT WARNING * * *
You block the water moccasin skeleton's attack.
It was a potion of might.
You feel very mighty all of a sudden.
The water moccasin skeleton bites you but does no damage.
You whack the water moccasin skeleton!
The water moccasin skeleton is moderately damaged.
The water moccasin skeleton bites you.
* * * LOW HITPOINT WARNING * * *
You whack the water moccasin skeleton!
The water moccasin skeleton is heavily damaged.
The water moccasin skeleton bites you.
* * * LOW HITPOINT WARNING * * *
You whack the water moccasin skeleton!
The water moccasin skeleton is almost destroyed.
The water moccasin skeleton bites you.
You die...

#≈# #.##.# ..##.# #.##.#
#.#..# #.#.## #.#.#
#.#.# ###########@#.# ##
#........##Z#.# .#
#........##.#.# .#
#.......(##...# .#
#........##†####.#######
##
#........##'####....<..#
#.............########)#
########.Z..........##.#
#......####)###.#


You could see a water moccasin skeleton.

Vanquished Creatures
  Sigmund (D:3)
  2 hounds (D:6)
  A bullfrog skeleton (D:4)
  An orc priest (D:6)
  Jessica (D:3)
  An orc wizard (D:6)
  A howler monkey skeleton (D:4)
  4 adders
  2 gnolls (D:1)
  A white imp (D:5)
  An adder skeleton (D:4)
  2 worms (D:2)
  3 dart slugs (D:1)
  19 orcs
  5 bats
  9 endoplasms
  2 giant cockroaches (D:1)
  6 goblins
  5 hobgoblins
  7 jackals
  10 kobolds
  A quokka (D:1)
  A ball python (D:1)
  3 frilled lizards
  7 rats
96 creatures vanquished.

Vanquished Creatures (others)
  2 withered plants (D:2)
2 creatures vanquished.

Grand Total: 98 creatures vanquished

Notes
Turn   | Place    | Note
-------+----------+-------------------------------------------
     0 | D:5      | freelancePsychic the Ghoul Delver began the quest for the
                  | Orb.
     0 | D:5      | Reached XP level 1. HP: 19/19 MP: 0/0
   109 | D:4      | Reached skill level 2 in Axes
   109 | D:4      | Reached XP level 2. HP: 9/26 MP: 1/1
   340 | D:4      | Noticed Blork the orc
   340 | D:4      | You fall into a shaft and drop 3 floors!
   613 | D:4      | Found a sparkling altar of Nemelex Xobeh.
   676 | D:4      | Reached skill level 3 in Axes
   676 | D:4      | Reached XP level 3. HP: 27/31 MP: 2/2
   861 | D:3      | Noticed Sigmund
   861 | D:3      | Noticed Jessica
  1173 | D:2      | Found a faded altar of an unknown god.
  1210 | D:2      | Reached XP level 4. HP: 38/38 MP: 3/3
  1431 | D:2      | Reached skill level 4 in Axes
  2464 | D:1      | Reached XP level 5. HP: 26/45 MP: 4/4
  3359 | D:3      | Killed Sigmund
  3360 | D:3      | Reached skill level 6 in Axes
  3360 | D:3      | Reached XP level 6. HP: 15/51 MP: 5/5
  3692 | D:3      | Killed Jessica
  4580 | D:5      | Found a staircase to the Ecumenical Temple.
  4586 | Temple   | Entered the Ecumenical Temple
  4604 | Temple   | Became a worshipper of Makhleb the Destroyer
  5094 | D:6      | Reached skill level 1 in Invocations
  5112 | D:6      | Reached XP level 7. HP: 56/57 MP: 6/6
  5502 | D:6      | HP: 1/57 [water moccasin skeleton (6)]
  5503 | D:6      | Slain by a water moccasin skeleton

Illustrated notes

Levels and vault maps discovered:
D:1:      erik_arrival_cave_to_civilisation [erik_arrival_cave_to_temple],
          layout_loops_ring
D:2:      layout_loops_ring, ebering_ecumenical_altar_petrified
D:3:      layout_basic, uniq_sigmund, uniq_jessica
D:4:      layout_loops_ring, nicolae_overflow_hidden_temple,
          kennysheep_generic_room_3, uniq_blork_the_orc
D:5:      layout_loops_cross, temple_green, roderic_roman_lattice,
          chequers_arboretum, minmay_misc_feat_secret_circle,
          hangedman_abyss_or_decor_stabs, kennysheep_donut,
          minmay_misc_feat_ornament, uniq_ijyb
D:6:      layout_basic, minmay_bent
D:7:      layout_loops_cross, hangedman_decor_points
Temple:   minmay_crystal_snake_temple

Skill      XL: |  1  2  3  4  5  6  7 |
---------------+----------------------+-----
Axes           | 2 3 4 6 |  6.7
Invocations    | 1 2 |  2.0
Fighting       | |  3.2
Dodging        | |  1.7
Stealth        | |  5.4

Action                   |  1- 3 |  4- 6 |  7- 9 || total
-------------------------+-------+-------+-------++-------
Melee: Unarmed           |    32 |       |       ||    32
       Hand axe          |    38 |       |       ||    38
       Whip              |     3 |   337 |    69 ||   409
Evoke: Wand              |     1 |     1 |       ||     2
  Use: Scroll            |     1 |     7 |     5 ||    13
       Potion            |     1 |     2 |     6 ||     9
 Stab: Sleeping          |     4 |     4 |       ||     8
       Invisible         |       |     2 |       ||     2
Armor: Leather armour    |    27 |    37 |       ||    64
       Chain mail        |       |   105 |    38 ||   143
Dodge: Dodged            |    48 |   125 |     3 ||   176
Block: Buckler           |       |    44 |     4 ||    48

Table legend: (Time is in decaauts)
 A = Elapsed time spent in this place.
 B = Non-inter-level travel time spent in this place.
 C = Inter-level travel time spent in this place.
 D = Time resting spent in this place.
 E = Time spent auto-exploring this place.
 F = Levels seen in this place.
 G = Mean time per level.
                   A        B        C        D        E       F      G
               +--------+--------+--------+--------+--------+-----+--------+
         Total |   5483 |   5183 |    300 |    902 |   3044 |   8 |  685.4 |
       Dungeon |   5448 |   5165 |    283 |    902 |   3033 |   7 |  778.3 |
        Temple |     35 |     18 |     17 |      0 |     11 |   1 |   35.0 |
               +--------+--------+--------+--------+--------+-----+--------+

Top non-repeatable levels by time:
     D:1: 1286 daAuts
     D:4: 1210 daAuts
     D:3: 1135 daAuts
     D:6: 750 daAuts
     D:2: 691 daAuts
     D:5: 363 daAuts
  Temple: 35 daAuts
     D:7: 9 daAuts
